 Dungeon Crawl Stone Soup version 0.28.0 (webtiles) character file.

Game seed: 12557961291532969539

1078 RighteousDevil the Spear-Bearer (level 8, 0/58 HPs)
             Began as a Formicid Fighter on Feb 7, 2022.
             Succumbed to an orc wizard's poison
             ... on level 5 of the Dungeon.
             The game lasted 00:06:18 (4032 turns).

RighteousDevil the Spear-Bearer (Formicid Fighter)  Turns: 4032, Time: 00:06:19

Health: 0/58       AC:  8    Str: 24    XL:     8   Next: 54%
Magic:  8/8        EV:  9    Int:  8    God:
Gold:   298        SH:  9    Dex: 12    Spells: 7/7 levels left

rFire   . . .      SeeInvis +   o - +0 long sword (vamp)
rCold   . . .      Faith    .   c - +0 buckler
rNeg    . . .      Spirit   .   b - +0 scale mail
rPois   .          Reflect  +   (helmet unavailable)
rElec   .          Harm     .   h - +0 cloak
rCorr   .          Rampage  .   (no gloves)
Will    .....                   (no boots)
Stlth   ..........              e - amulet of reflection
HPRegen 0.19/turn               k - ring of wizardry
MPRegen 0.11/turn               p - ring "Tugg" {Str+3 SInv}

@: lethally poisoned (0 -> -14)
A: permanent stasis, dig shafts and tunnels, antennae 3, four strong arms
a: Dig, Shaft Self


You were on level 5 of the Dungeon.
You visited 1 branch of the dungeon, and saw 5 of its levels.

You collected 298 gold pieces.

Inventory:

Hand Weapons
 a - a +1 trident
 o - a +0 vampiric long sword (weapon)
Armour
 b - a +0 scale mail (worn)
 c - a +0 buckler (worn)
 h - a +0 cloak (worn)
Jewellery
 e - an amulet of reflection (around neck)
 k - a ring of wizardry (left hand)
 p - the ring "Tugg" (right hand) {Str+3 SInv}
   (You found it on level 4 of the Dungeon)

   [ring of see invisible]

   Str:       It affects your strength (+3).
   SInv:      It lets you see invisible.
Scrolls
 d - a scroll of magic mapping {unknown}
 r - a scroll of fear
Potions
 f - a potion of berserk rage
 i - a potion of resistance
 j - a potion of cancellation {unknown}
 l - a potion of haste {unknown}
 m - 3 potions of lignification {unknown}
 n - 3 potions of brilliance {unknown}
 q - 2 potions of mutation {unknown}


   Skills:
 - Level 3.2 Fighting
 + Level 3.8 Long Blades
 - Level 8.8 Polearms
 - Level 3.2 Armour
 - Level 3.6 Shields


You had 7 spell levels left.
You didn't know any spells.
Your spell library contained the following spells:

 Spells                   Type           Power      Damage    Failure   Level
 Freeze                   Ice            0%         1d3       45%         1
 Sandblast                Erth           0%         2d4       45%         1
 Corpse Rot               Necr/Air       0%         N/A       58%         2
 Passwall                 Tmut/Erth      0%         N/A       58%         2
 Poisonous Vapours        Pois/Air       0%         N/A       58%         2
 Frozen Ramparts          Ice            0%         1d2       80%         3
 Stone Arrow              Conj/Erth      0%         3d7       80%         3
 Hailstorm                Conj/Ice       0%         3d3       99%         4


Dungeon Overview and Level Annotations

Branches:
Dungeon (5/15)
 Temple: D:4-7

Altars:
Elyvilon
Okawaru
Ru
Trog
Uskayaw
The Shining One
Beogh


Innate Abilities, Weirdness & Mutations

You cannot be hasted, slowed, berserked, paralysed or teleported.
You can dig through walls and to a lower floor.
You have a pair of large antennae on your head. (SInv)
Your four strong arms can wield two-handed weapons with a shield.


Message History

The ogre is moderately wounded.
You block the ogre's attack.
You slash the ogre!
You feel better.
The ogre is heavily wounded.
The ogre barely misses you.
You slash the ogre!
You feel better.
The ogre is almost dead.
The ogre closely misses you.
You hit the ogre but do no damage.
The ogre is almost dead.
The ogre hits you with a +0 giant spiked club!!
The dart slug briefly extends its eye-stalks.
The ogre closely misses you.
You barely miss the ogre.
The ogre is almost dead.
You block the ogre's attack.
You barely miss the ogre.
The ogre is almost dead.
The ogre hits you with a +0 giant spiked club!!
* * * LOW HITPOINT WARNING * * *
You feel better.
You hit the ogre.
You feel better.
You kill the ogre!
You block the orc wizard's attack.
Your life force feels restored.
You closely miss the orc wizard.
The orc wizard hits you but does no damage.
You are poisoned.
You slash the orc wizard!
The orc wizard is severely wounded.
You feel very sick.
The orc wizard hits you with a +1 dagger of venom.
* * * LOW HITPOINT WARNING * * *
You are lethally poisoned!
You slash the orc wizard!
You feel better.
You kill the orc wizard!
* * * LOW HITPOINT WARNING * * *
You feel very sick.
You closely miss the orc.
You die...

# ########## #
#........# # #........#
# #........# #
#........# # #........#
#
#.###########........###
.......@o.w.............
......#####.#........###
....# #.#######..... ...
#.......+..... .
#.......#.....
#.......#.....
........#.....
...###.##..... .w.#
.##.....


You could see a dart slug and an orc.

Vanquished Creatures
  Grinder (D:4)
  A black bear (D:4)
  2 necrophages
  2 ogres (D:5)
  2 scorpions
  A water moccasin skeleton (D:3)
  A hound (D:4)
  2 orc priests (D:4)
  3 orc wizards
  5 adders
  A shadow imp (D:5)
  A worm (D:3)
  A dart slug (D:4)
  4 orcs
  6 endoplasms
  3 giant cockroaches
  7 goblins
  7 hobgoblins
  2 jackals (D:1)
  3 quokkas
  5 ball pythons
  4 bats
  3 frilled lizards
  5 kobolds
  4 rats
76 creatures vanquished.

Vanquished Creatures (others)
  A plant (D:3)
1 creature vanquished.

Grand Total: 77 creatures vanquished

Notes
Turn   | Place    | Note
-------+----------+-------------------------------------------
     0 | D:1      | RighteousDevil the Formicid Fighter began the quest for the
                  | Orb.
     0 | D:1      | Reached XP level 1. HP: 18/18 MP: 1/1
   310 | D:1      | Reached XP level 2. HP: 24/24 MP: 2/2
   361 | D:1      | Reached skill level 3 in Polearms
   608 | D:1      | Reached XP level 3. HP: 29/29 MP: 3/3
   933 | D:2      | Noticed a scorpion
   944 | D:2      | Killed a scorpion
   945 | D:2      | Reached skill level 4 in Polearms
   945 | D:2      | Reached XP level 4. HP: 20/35 MP: 4/4
  1334 | D:2      | Reached XP level 5. HP: 41/41 MP: 5/5
  1741 | D:3      | Reached skill level 5 in Polearms
  1865 | D:3      | Noticed a necrophage
  1878 | D:3      | Killed a necrophage
  1879 | D:3      | Reached skill level 6 in Polearms
  1879 | D:3      | Reached XP level 6. HP: 45/47 MP: 6/6
  2150 | D:3      | Found an iron altar of Okawaru.
  2317 | D:3      | Found a faded altar of an unknown god.
  2448 | D:4      | Identified the ring "Tugg" {Str+3 SInv}
  2800 | D:4      | Noticed a black bear
  2814 | D:4      | Killed a black bear
  2815 | D:4      | Reached skill level 7 in Polearms
  2815 | D:4      | Reached XP level 7. HP: 33/52 MP: 7/7
  2941 | D:4      | Noticed Grinder
  2957 | D:4      | Killed Grinder
  2958 | D:4      | Reached skill level 8 in Polearms
  3127 | D:4      | Reached XP level 8. HP: 53/58 MP: 8/8
  3499 | D:5      | Entered Level 5 of the Dungeon
  3554 | D:4      | Found a sacrificial altar of Ru.
  3558 | D:4      | Found a bloodstained altar of Trog.
  3558 | D:4      | Found a white marble altar of Elyvilon.
  3752 | D:5      | Found a glowing golden altar of the Shining One.
  3785 | D:5      | Found a hide-covered altar of Uskayaw.
  4026 | D:5      | HP: 1/57 [ogre (19)]
  4032 | D:5      | Succumbed to an orc wizard's poison

Illustrated notes

Levels and vault maps discovered:
D:1:      psy_arrival_terrarium, layout_loops_ring, corexii_corridor_pit
D:2:      layout_rooms
D:3:      layout_basic, okawaru_ov_weapons_minmay,
          hellmonk_ecumenical_altar_crossroads, serial_forest,
          infiniplex_forest_zigzag_1, infiniplex_forest_lined_corner,
          infiniplex_forest_lined_4_way, infiniplex_forest_lined_room_,
          infiniplex_forest_end_double, infiniplex_forest_lined_4_way,
          infiniplex_forest_clump_small, infiniplex_forest_clump_double,
          infiniplex_forest_lined_room_
D:4:      layout_rooms, minitemple, kennysheep_orc_chapel, uniq_grinder
D:5:      layout_basic, nicolae_overflow_squiral,
          nicolae_overflow_hidden_temple, lemuel_temple_firewalk_b

Skill      XL: |  1  2  3  4  5  6  7  8 |
---------------+-------------------------+-----
Polearms       | 3 4 6 7 8 |  8.8
Long Blades    | 3 |  3.8
Fighting       | |  3.2
Armour         | |  3.2
Shields        | |  3.6

Action                   |  1- 3 |  4- 6 |  7- 9 || total
-------------------------+-------+-------+-------++-------
Melee: Trident           |    65 |   153 |    63 ||   281
       Long sword        |       |       |    55 ||    55
 Abil: Dig               |       |       |     1 ||     1
  Use: Scroll            |     3 |     2 |     6 ||    11
       Potion            |     1 |     2 |     1 ||     4
 Stab: Distracted        |       |     1 |       ||     1
Armor: Scale mail        |    22 |    30 |    35 ||    87
Dodge: Dodged            |    28 |    46 |    25 ||    99
Block: Buckler           |     8 |    72 |    57 ||   137
       Reflection        |       |     1 |       ||     1
